 Dungeon Crawl Stone Soup version 0.29-a0-993-g4a18f31a58 (webtiles) character file.

Game seed: 7857500935314336239

4 tbh1313 the Shield-Bearer (level 1, 0/14 HPs)
             Began as a Gargoyle Fighter on Aug 3, 2022.
             Frozen to death by an endoplasm (1 damage)
             ... on level 1 of the Dungeon.
             The game lasted 00:00:49 (239 turns).

tbh1313 the Shield-Bearer (Gargoyle Fighter)         Turns: 239, Time: 00:00:50

Health: 0/14       AC:  9    Str: 19    XL:     1   Next: 60%
Magic:  1/1        EV:  9    Int:  8    God:
Gold:   20         SH:  4    Dex:  9    Spells: 0/0 levels left

rFire   . . .      SeeInvis .   a - +0 flail
rCold   . . .      Faith    .   c - +0 buckler
rNeg    + . .      Spirit   .   b - +0 scale mail
rPois   ∞          Reflect  .   (no helmet)
rElec   +          Harm     .   (no cloak)
rCorr   .          Rampage  .   (no gloves)
Will    +....                   (no boots)
Stlth   ..........              (no amulet)
HPRegen 0.04/turn               e - ring of willpower
MPRegen 0.07/turn               (no ring)

@: mighty
A: sickness immunity, AC +2, negative energy resistance 1, electricity
resistance, torment resistance 1, petrification resistance
a: no special abilities


You were on level 1 of the Dungeon.
You visited 1 branch of the dungeon, and saw 1 of its levels.

You collected 20 gold pieces.

Inventory:

Hand Weapons
 a - a +0 flail (weapon)
Armour
 b - a +0 scale mail (worn)
 c - a +0 buckler (worn)
Jewellery
 e - a ring of willpower (left hand)
Scrolls
 f - a scroll of poison {unknown}


   Skills:
 - Level 3.2 Fighting
 + Level 2.4 Maces & Flails
 - Level 3.2 Armour
 - Level 3.2 Shields


You couldn't memorise any spells.
You didn't know any spells.
Your spell library was empty.

Dungeon Overview and Level Annotations

Branches:
Dungeon (1/15)

Altars:


Innate Abilities, Weirdness & Mutations

You are immune to sickness and miasma.
Your stone body is resilient. (AC +2)
You are immune to poison.
You resist negative energy. (rN+)
You are resistant to electric shocks. (rElec)
You are resistant to unholy torment.
You are immune to petrification.


Message History

You open the door.
A bat comes into view.
The bat hits you but does no damage.
Found a coppery potion and a runed falchion. 2 endoplasms come into view.
The endoplasm quivers.
The bat hits you but does no damage.
There is an open door here.
The bat hits you but does no damage. The bat hits you but does no damage. x2
You sock the bat!
You kill the bat!
You barely miss the endoplasm. The endoplasm freezes you.
You are frozen.
The endoplasm freezes you.
You are frozen.
The endoplasm hits you.
You are too injured to fight recklessly!
You are too injured to fight recklessly!
You are too injured to fight recklessly!
You are too injured to fight recklessly!
You are too injured to fight recklessly!
You are too injured to fight recklessly!
You are too injured to fight recklessly!
You are too injured to fight recklessly!
You are too injured to fight recklessly!
You are too injured to fight recklessly!
You are too injured to fight recklessly!
You are too injured to fight recklessly!
You hit the endoplasm.
The endoplasm is lightly wounded.
The endoplasm freezes you.
You are frozen.
The endoplasm freezes you.
You are frozen.
* * * LOW HITPOINT WARNING * * *
You feel very mighty all of a sudden. The endoplasm freezes you.
You are frozen.
You die...

#+#######+# #.# # #....## #.#
#.# #.##.....##..# ####.#
#.#.........# ##.##.#
##...)......####...#.###
............+..........#
...............####...#.###
..# #....J..# #..[....# #.#
#.J@.!# #.###.#.# #.# ##...##
#.# #.#.' #.########'#####
#.# ..### #.#............#
#.##.## # ##.#.####.#.###.#
#.##.# # ##....## #.#.###.#
#.##.#### #......#
#....##.####........
##.....###...............####
##.#.........##.#########


You could see 2 endoplasms.

Levels and vault maps discovered:
D:1:      roderic_octagonal_star, layout_loops_corners, minmay_fountain_box

Notes
Turn   | Place    | Note
-------+----------+-------------------------------------------
     0 | D:1      | tbh1313 the Gargoyle Fighter began the quest for the Orb.
     0 | D:1      | Reached XP level 1. HP: 14/14 MP: 1/1
   238 | D:1      | HP: 1/14 [frozen (3)]
   239 | D:1      | Frozen to death by an endoplasm

Table legend: (Time is in decaauts)
 A = Elapsed time spent in this place.
 B = Non-inter-level travel time spent in this place.
 C = Inter-level travel time spent in this place.
 D = Time resting spent in this place.
 E = Time spent auto-exploring this place.
 F = Levels seen in this place.
 G = Mean time per level.
                   A        B        C        D        E       F      G
               +--------+--------+--------+--------+--------+-----+--------+
         Total |    241 |    241 |      0 |      0 |    209 |   1 |  241.0 |
       Dungeon |    241 |    241 |      0 |      0 |    209 |   1 |  241.0 |
               +--------+--------+--------+--------+--------+-----+--------+

Top non-repeatable levels by time:
     D:1: 241 daAuts

Table legend:
 A = Kills in this place as a percentage of kills in entire the game.
 B = Kills by you in this place as a percentage of kills by you in the entire game.
 C = Kills by friends in this place as a percentage of kills by friends in the entire game.
 D = Other kills in this place as a percentage of other kills in the entire game.
 E = Experience gained in this place as a percentage of experience gained in the entire game.
 F = Experience gained in this place divided by the number of levels of this place that you have seen.
                   A       B       C       D       E      F
               +-------+-------+-------+-------+-------+----------------------
         Total | 100.0 | 100.0 |   N/A |   N/A | 100.0 |   6.0
       Dungeon | 100.0 | 100.0 |   N/A |   N/A | 100.0 |   6.0
               +-------+-------+-------+-------+-------+----------------------

Action                   || total
-------------------------++-------
Melee: Flail             ||     8
  Use: Potion            ||     1
Armor: Scale mail        ||     6
Dodge: Dodged            ||     1
Block: Buckler           ||     1

Vanquished Creatures
  A giant cockroach (D:1)
  A quokka (D:1)
  A bat (D:1)
  A rat (D:1)
4 creatures vanquished.
